 Dungeon Crawl Stone Soup version 0.21.1-1-g345015fe64 (webtiles) character file.

118 Pixllover the Chopper (level 4, -2/41 HPs)
             Began as a Minotaur Berserker on May 31, 2018.
             Was a Believer of Trog.
             Slain by a gnoll
             ... wielding a +0 spear
              (4 damage)
             ... on level 2 of the Dungeon.
             The game lasted 00:06:20 (1440 turns).

Pixllover the Chopper (Minotaur Berserker)          Turns: 1440, Time: 00:06:21

Health: -2/41      AC: 10    Str: 23    XL:     4   Next: 72%
Magic:  3/3        EV:  9    Int:  4    God:    Trog [**....]
Gold:   41         SH:  0    Dex:  9    Spells: 3/3 levels left

rFire    . . .     SeeInvis .   a - +0 hand axe
rCold    . . .     Gourm    .   (no shield)
rNeg     . . .     Faith    .   h - +0 chain mail
rPois    .         Spirit   .   (helmet restricted)
rElec    .         Reflect  .   i - +0 cloak (curse)
rCorr    .         Harm     .   (no gloves)
MR       .....                  (no boots)
Stlth    ..........             (no amulet)
HPRegen  0.13/turn              (no ring)
MPRegen  0.08/turn              (no ring)

@: berserk cooldown, slowed, very slow
A: retaliatory headbutt, horns 2
a: Berserk, Trog's Hand, Burn Spellbooks, Renounce Religion


You were on level 2 of the Dungeon.
You worshipped Trog.
Trog was pleased with you.
You were hungry.

You visited 1 branch of the dungeon, and saw 2 of its levels.

You collected 41 gold pieces.

Inventory:

Hand Weapons
 a - a +0 hand axe (weapon)
Armour
 h - a +0 chain mail (worn)
 i - a cursed +0 cloak (worn)
Scrolls
 b - a scroll of enchant weapon {unknown}
 e - 2 scrolls of remove curse
 f - 2 scrolls of identify
 g - a scroll of immolation {unknown}
 j - a scroll of teleportation {unknown}
 m - a scroll of fear {unknown}
Potions
 k - a potion of might {unknown}
 l - a potion of magic {unknown}
 n - a potion of flight {unknown}
 o - a potion of heal wounds {unknown}
 p - a potion of curing
Comestibles
 c - 7 rations
 d - 4 chunks of flesh


   Skills:
 + Level 4.5 Fighting
 + Level 5.2 Axes
 + Level 3.2 Armour
 + Level 2.8 Dodging


You had 3 spell levels left.
You didn't know any spells.

Dungeon Overview and Level Annotations

Branches:
Dungeon (2/15)

Altars:
Nemelex Xobeh


Innate Abilities, Weirdness & Mutations

You reflexively headbutt those who attack you in melee.
You have a pair of horns on your head.


Message History

You hit the hobgoblin.
You kill the hobgoblin!
Trog accepts your kill.
You hit the quokka.
The quokka bites you but does no damage.
The gnoll closely misses you. The quokka barely misses you.
You furiously retaliate!
You headbutt the quokka. The gnoll hits you but does no damage.
The gnoll hits you with a spear.
* * * LOW HITPOINT WARNING * * *
You hit the gnoll. You headbutt the gnoll.
The gnoll is heavily wounded.
You hit the quokka. The quokka barely misses you. You furiously retaliate!
You headbutt the quokka!
You kill the quokka!
Trog accepts your kill. The gnoll hits you with a spear!
* * * LOW HITPOINT WARNING * * *
The gnoll hits you with a spear.
You die...

#.##.# #######<##.#
#..^..#.##.######
#.###..<......... #.#
###.##.###### #.#
#.##.# #)#####....#
#.####)...##..#######
#...g@...............
#.##.####.###....#####
#. #.###..#......
#.#### ##...#...###
.......##.#####.... ##
#.......#...###
#..###..#.#.... ###
#.........#.### #
##.## #....###.##(# #


You could see a gnoll.

Vanquished Creatures
  3 gnolls (D:2)
  An adder (D:2)
  3 oozes (D:2)
  3 dart slugs
  3 leopard geckos
  An orc (D:2)
  10 bats
  2 giant cockroaches (D:2)
  3 goblins (D:1)
  10 hobgoblins
  4 jackals (D:2)
  2 quokkas (D:2)
  3 frilled lizards
  4 kobolds
  6 rats
58 creatures vanquished.

Notes
Turn   | Place    | Note
-------+----------+-------------------------------------------
     0 | D:1      | Pixllover the Minotaur Berserker began the quest for the Orb.
     0 | D:1      | Reached XP level 1. HP: 19/19 MP: 0/0
   127 | D:1      | Reached skill level 4 in Axes
   127 | D:1      | Reached XP level 2. HP: 10/27 MP: 1/1
   753 | D:2      | Reached XP level 3. HP: 30/33 MP: 2/2
   754 | D:2      | Reached ** piety under Trog
  1000 | D:2      | Reached XP level 4. HP: 36/41 MP: 3/3
  1013 | D:2      | Found a sparkling altar of Nemelex Xobeh.
  1413 | D:2      | Reached skill level 5 in Axes
  1440 | D:2      | HP: 2/41 [gnoll/spear (7)]
  1440 | D:2      | Slain by a gnoll

Skill      XL: |  1  2  3  4 |
---------------+-------------+-----
Axes           | 4 5 |  5.2
Fighting       | 4 |  4.5
Armour         | 3 |  3.2
Dodging        | |  2.8

Action                   |  1- 3 |  4- 6 || total
-------------------------+-------+-------++-------
Melee: Hand axe          |    88 |    30 ||   118
       Headbutt          |    11 |     6 ||    17
Invok: Berserk           |     1 |     1 ||     2
  Use: Scroll            |     2 |       ||     2
       Potion            |       |     1 ||     1
  Eat: Chunk             |       |     3 ||     3
Armor: Ring mail         |    14 |       ||    14
       Animal skin       |     3 |       ||     3
       Chain mail        |    53 |    36 ||    89
Dodge: Dodged            |    67 |    30 ||    97
